 Dungeon Crawl Stone Soup version 0.22-a0-469-gf26638a71f (webtiles) character file.

122700 sentientfungus the Blocker (level 16, -14/127 (129) HPs)
             Began as a Gnoll Fighter on June 12, 2018.
             Was the Champion of Cheibriados.
             Killed from afar by a rakshasa (illusionary) (19 damage)
             ... with an orb of energy
             ... on level 1 of the Depths on June 13, 2018.
             The game lasted 00:47:40 (26279 turns).

sentientfungus the Blocker (Gnoll Fighter)         Turns: 26279, Time: 00:47:41

HP:   -14/127 (129) AC: 31    Str: 36    XL:     16   Next: 88%
MP:   0/48          EV: 15    Int: 29    God:    Cheibriados [******]
Gold: 1232          SH: 25    Dex: 35    Spells: 36/36 levels left

rFire    + . .     SeeInvis .   b - +4 scimitar (flame)
rCold    + + .     Gourm    .   q - +2 large shield {rPois}
rNeg     . . .     Faith    .   X - +3 gold dragon scales
rPois    +         Spirit   +   l - +2 helmet
rElec    .         Reflect  .   a - scarf {repulsion}
rCorr    .         Harm     .   j - +0 pair of gloves
MR       +++++                  V - +1 pair of boots of the Hall of Blades {rPois MR++}
Stlth    ..........             Y - amulet "Haal" {Spirit rC+ MR++ Dex+4}
HPRegen  0.71/turn              D - ring of magical power
MPRegen  0.31/turn              R - ring of magical power

@: very slightly contaminated, repel missiles, very slow
A: distributed training, fangs 1, iridescent scales 1, regeneration 1, strong
nose
a: Bend Time, Temporal Distortion, Slouch, Step From Time, Renounce Religion


You were on level 1 of the Depths.
You worshipped Cheibriados.
Cheibriados was exalted by your worship.
You were hungry.

You visited 5 branches of the dungeon, and saw 25 of its levels.
You also visited: Bailey and Ice Cave.

You collected 2497 gold pieces.
You spent 1265 gold pieces at shops.

Inventory:

Hand Weapons
 b - a +4 scimitar of flaming (weapon)
 g - a +0 trident
 G - a +3 scimitar of flaming
 P - a +1 executioner's axe of freezing
Missiles
 F - 2 throwing nets (quivered)
Armour
 a - a scarf of repulsion (worn)
 j - a +0 pair of gloves (worn)
 k - a +0 shield
 l - a +2 helmet (worn)
 q - a +2 large shield of poison resistance (worn)
 y - a +0 large shield
 V - the +1 pair of boots of the Hall of Blades (worn) {rPois MR++}
   (You bought it in a shop on level 2 of the Orcish Mines)

   It protects you from poison.
   It affects your resistance to hostile enchantments.
 X - +3 gold dragon scales (worn)
Jewellery
 D - a ring of magical power (left hand)
 R - a ring of magical power (right hand)
 U - an uncursed amulet of faith
 Y - the amulet "Haal" (around neck) {Spirit rC+ MR++ Dex+4}
   (You found it on level 12 of the Dungeon)

   [amulet of guardian spirit]

   It causes incoming damage to be split between your health and magic.
   It affects your dexterity (+4).
   It protects you from cold.
   It affects your resistance to hostile enchantments.
 Z - an uncursed amulet of the acrobat
Wands
 n - a wand of polymorph (12)
 t - a wand of paralysis (30)
 w - a wand of digging (18)
 H - a wand of enslavement (41)
 J - a wand of disintegration (9)
 K - a wand of iceblast (41)
 S - a wand of flame (60)
Scrolls
 e - 4 scrolls of blinking
 h - 9 scrolls of identify
 p - a scroll of enchant armour
 u - 2 scrolls of immolation
 z - 5 scrolls of enchant weapon
 B - 2 scrolls of fog
 C - a scroll of summoning
 E - 3 scrolls of magic mapping
 I - 5 scrolls of fear
 M - 5 scrolls of amnesia
 N - 2 scrolls of holy word
 O - 6 scrolls of remove curse
 Q - 2 scrolls of teleportation
 T - a scroll of silence
 W - 2 scrolls of vulnerability
Potions
 c - a potion of might
 d - 6 potions of mutation
 m - 7 potions of brilliance
 o - a potion of flight
 s - 7 potions of curing
 v - 2 potions of heal wounds
 x - 2 potions of agility
 A - 2 potions of lignification
 L - a potion of magic
Miscellaneous
 r - a fan of gales
Comestibles
 f - 40 rations
 i - 4 chunks of flesh


   Skills:
 + Level 12.5 Fighting
 + Level 10.9 Short Blades
 + Level 11.7 Long Blades
 + Level 10.9 Axes
 + Level 10.9 Maces & Flails
 + Level 10.9 Polearms
 + Level 10.9 Staves
 + Level 10.9 Slings
 + Level 10.9 Bows
 + Level 10.9 Crossbows
 + Level 10.9 Throwing
 + Level 12.5 Armour
 + Level 10.9 Dodging
 + Level 10.9 Stealth
 + Level 12.5 Shields
 + Level 10.9 Unarmed Combat
 + Level 10.9 Spellcasting
 + Level 9.3 Conjurations
 + Level 9.3 Hexes
 + Level 9.3 Charms
 + Level 9.3 Summonings
 + Level 9.3 Necromancy
 + Level 9.3 Translocations
 + Level 9.3 Transmutations
 + Level 9.3 Fire Magic
 + Level 9.3 Ice Magic
 + Level 9.3 Air Magic
 + Level 9.3 Earth Magic
 + Level 9.3 Poison Magic
 + Level 11.8 Invocations
 + Level 10.9 Evocations


You had 36 spell levels left.
You didn't know any spells.
Your spell library contained the following spells:

 Spells                   Type           Power        Failure   Level  Hunger
 Cause Fear               Hex            ######....   43%         4    None
 Fireball                 Conj/Fire      ######....   78%         5    ###....
 Apportation              Tloc           ######       4%          1    None
 Conjure Flame            Conj/Fire      ######..     14%         3    None
 Bolt of Fire             Conj/Fire      ######....   100%        6    #####..
 Lightning Bolt           Conj/Air       ######....   78%         5    ###....
 Slow                     Hex            ######..     7%          2    None
 Throw Flame              Conj/Fire      ######       7%          2    None
 Freezing Cloud           Conj/Ice/Air   ######....   100%        6    #####..
 Mephitic Cloud           Conj/Pois/Air  ######..     14%         3    None
 Ring of Flames           Chrm/Fire      ######....   100%        7    ######.
 Summon Small Mammal      Summ           ####         4%          1    None
 Animate Dead             Necr           N/A          43%         4    None
 Animate Skeleton         Necr           N/A          4%          1    None
 Sticky Flame             Conj/Fire      ######..     43%         4    None
 Summon Ice Beast         Ice/Summ       ######..     43%         4    None
 Call Imp                 Summ           ######..     7%          2    None
 Shock                    Conj/Air       ####         4%          1    None
 Swiftness                Chrm/Air       ######..     7%          2    None
 Recall                   Summ/Tloc      N/A          14%         3    None
 Blade Hands              Tmut           ######....   78%         5    ###....
 Statue Form              Tmut/Erth      ######...    100%        6    #####..
 Dragon Form              Tmut           ######....   100%        7    ######.
 Death Channel            Necr           ######....   100%        6    #####..
 Airstrike                Air            ######....   43%         4    None
 Shadow Creatures         Summ           N/A          100%        6    #####..
 Confusing Touch          Hex            ######       4%          1    None
 Flame Tongue             Conj/Fire      #####        4%          1    None
 Ignite Poison            Fire/Tmut/Pois ######..     14%         3    None
 Call Canine Familiar     Summ           ######..     14%         3    None
 Summon Butterflies       Summ           ######..     4%          1    None
 Static Discharge         Conj/Air       ######..     14%         3    None
 Corona                   Hex            ######.      4%          1    None
 Alistair's Intoxication  Tmut/Pois      ######..     78%         5    ###....
 Simulacrum               Ice/Necr       ######....   100%        6    #####..
 Portal Projectile        Hex/Tloc       ######       14%         3    None
 Leda's Liquefaction      Hex/Erth       ######....   43%         4    None
 Inner Flame              Hex/Fire       ######..     14%         3    None
 Summon Lightning Spire   Summ/Air       ######..     43%         4    None
 Summon Guardian Golem    Hex/Summ       ######..     14%         3    None
 Dragon's Call            Summ           ######....   100%        9    #######
 Hydra Form               Tmut           ######....   100%        6    #####..
 Irradiate                Conj/Tmut      ######....   78%         5    ###....
 Poisonous Vapours        Pois/Air       ######       7%          2    None
 Ignition                 Fire           ######....   100%        8    #######
 Borgnjor's Vile Clutch   Necr/Erth      ######....   78%         5    ###....


Dungeon Overview and Level Annotations

Branches:
Dungeon (15/15)            Temple (1/1) D:4            Lair (6/6) D:8
 Shoals (0/4) Lair:4       Spider (0/4) Lair:4        Slime (0/5) Lair:5
    Orc (2/2) D:11            Elf (0/3) Orc:2        Vaults (0/5) D:13
 Depths (1/5) D:15

Altars:
Ashenzari
Cheibriados
Dithmenos
Elyvilon
Fedhas
Gozag
Hepliaklqana
Kikubaaqudgha
Makhleb
Nemelex Xobeh
Okawaru
Qazlal
Ru
Sif Muna
Trog
Uskayaw
Vehumet
Wu Jian
Xom
Yredelemnul
Zin
The Shining One
Jiyva

Shops:
D:12 }   Orc:1 ?*!   Orc:2 !%!*[

Annotations:
Lair:1 exclusion: oklob plant
Lair:2 exclusion: 3 oklob plants, Prince Ribbit


Innate Abilities, Weirdness & Mutations

Your experience applies equally to all skills.
You have very sharp teeth.
Your uncanny sense of smell can sniff out nearby items.
You are partially covered in iridescent scales. (AC +2)
Your natural rate of healing is unusually fast.


Message History

The spark wasp shocks you!
* * * LOW HITPOINT WARNING * * *
The spark wasp stings you but does no damage.
The rakshasa blinks!
You block the tengu conjurer's attack.
The tengu conjurer pecks you but does no damage.
You block the tengu conjurer's attack. You block the spark wasp's attack.
The spark wasp stings you but does no damage.
The rakshasa blinks!
The tengu conjurer hits you but does no damage.
You block the tengu conjurer's attack.
The tengu conjurer claws you but does no damage.
The spark wasp stings you but does no damage.
Unknown command.
Blink to where?
Press: ? - help, Dir - move target cursor You are very lightly contaminated with residual magic.
As you read the scroll of blinking, it crumbles to dust.
The rakshasa gestures at you. The orb of energy hits you!
You die...

.....# #...## #...#
#...# #...# .##
#####'.'. #......##
#.........# #@.......
#.........# #......##
#.........# #......#∆
#.........####...R..#
#.........##.'..R.R.#∆
#.c.......# #.§...§###
#.........#
#....Dyy§######
#.CD......'
#....y.yQ..Q....
#.........#
################


You could see a fire dragon, 3 rakshasas, 4 spark wasps and a tengu conjurer.

Vanquished Creatures
  Rupert (Lair:5)
  Frances (D:12)
  A fire giant (D:15)
  A frost giant (Depths:1)
  A stone giant (Depths:1)
  A vampire knight (Depths:1)
  Azrael (D:12)
  2 ettins
  3 jiangshi (Depths:1)
  4 fire dragons
  A great orb of eyes (Depths:1)
  Erolcha (Orc:2)
  10 hydras
  A rakshasa (Depths:1)
  4 vault guards (D:13)
  3 centaur warriors
  3 ogre magi
  13 two-headed ogres
  A tengu warrior (D:14)
  Urug (Orc:1)
  3 vampire magi (Depths:1)
  Nergalle (Orc:1)
  4 death yaks (Lair:6)
  6 orc high priests
  Sonja (D:11)
  5 unseen horrors
  A swamp dragon (Lair:6)
  A lindwurm (Lair:6)
  A wolf spider zombie (D:14)
  2 orc sorcerers (D:15)
  8 orc knights
  14 ugly things
  4 manticores
  3 deep elf magi
  A necromancer (D:15)
  A cyclops (D:15)
  A moth of wrath (Lair:5)
  4 black mambas
  4 centaur zombies
  3 ice statues (IceCv)
  A molten gargoyle (D:15)
  6 torpor snails
  4 kobold demonologists
  3 spiny frogs
  4 gargoyles
  3 rime drakes
  An efreet (D:14)
  5 yaktaurs
  7 komodo dragons
  A redback zombie (D:14)
  3 meliai
  3 tengu conjurers
  A queen bee (D:13)
  7 trolls
  7 hornets
  10 hippogriffs
  15 tyrant leeches
  7 blink frogs (Lair:2)
  6 dream sheep
  2 meliai zombies
  2 slime creatures (Depths:1)
  A slime creature (shapeshifter) (Depths:1)
  2 centaur simulacra (D:15)
  A water elemental (D:15)
  A vampire (D:11)
  3 redbacks (Lair:4)
  4 wyverns
  5 wraiths
  3 basilisks
  22 yaks
  2 fire elementals (D:12)
  3 hungry ghosts
  4 steam dragons
  A vampire mosquito (D:13)
  Menkaure (D:7)
  6 swamp worms
  A warg (Orc:2)
  A soldier ant (D:13)
  An acid dragon (D:13)
  17 water moccasins
  4 porcupines
  Duvessa (D:5)
  3 hell hounds (D:12)
  34 orc warriors
  21 ice beasts
  2 swamp drakes (Lair:6)
  4 sky beasts
  2 black bears
  A black bear (shapeshifter) (D:13)
  2 phantoms
  A boggart (Depths:1)
  15 ogres
  15 wolves
  13 centaurs
  10 crocodiles
  8 big kobolds
  Blork the orc (D:6)
  The ghost of Buachu the Digger, an amateur GrEE (D:3)
  19 bullfrogs
  A gnoll sergeant (D:11)
  A wyvern zombie (D:14)
  Dowan (D:5)
  8 scorpions
  A wyvern skeleton (D:14)
  31 killer bees (D:13)
  5 wights (D:11)
  An electric eel (D:14)
  3 howler monkeys
  6 jellies
  15 crimson imps
  A quasit (D:12)
  A bullfrog zombie (D:13)
  5 hounds
  29 orc priests
  7 centaur skeletons
  4 bullfrog skeletons
  Jessica (D:3)
  Ijyb (D:3)
  5 iguanas
  14 orc wizards
  11 worker ants
  A killer bee zombie (D:7)
  2 howler monkey zombies
  Robin (D:3)
  10 gnolls
  6 adders
  2 shadow imps (D:8)
  An ooze (D:4)
  3 adder zombies
  An adder skeleton (D:5)
  2 dart slugs
  6 leopard geckos
  94 orcs
  11 bats
  6 giant cockroaches
  8 hobgoblins
  10 jackals
  2 quokkas
  6 frilled lizards
  20 goblins
  19 kobolds
  A leopard gecko zombie (D:5)
  2 quokka skeletons (D:5)
  A quokka zombie (D:9)
  13 rats
836 creatures vanquished.

Vanquished Creatures (others)
  A death yak (Lair:6)
  A manticore (D:14)
  An orc priest (Orc:2)
  35 fungi
  44 plants
82 creatures vanquished.

Grand Total: 918 creatures vanquished

Notes
Turn   | Place    | Note
-------+----------+-------------------------------------------
     0 | D:1      | sentientfungus the Gnoll Fighter began the quest for the Orb.
     0 | D:1      | Reached XP level 1. HP: 23/23 MP: 1/1
   170 | D:1      | Reached XP level 2. HP: 29/29 MP: 2/2
   372 | D:1      | Reached XP level 3. HP: 35/35 MP: 3/3
   550 | D:1      | Reached skill level 1 in Invocations
   844 | D:2      | Reached skill level 1 in Short Blades
   844 | D:2      | Reached skill level 1 in Axes
   844 | D:2      | Reached skill level 1 in Maces & Flails
   844 | D:2      | Reached skill level 1 in Polearms
   844 | D:2      | Reached skill level 1 in Staves
   844 | D:2      | Reached skill level 1 in Slings
   844 | D:2      | Reached skill level 1 in Bows
   844 | D:2      | Reached skill level 1 in Crossbows
   844 | D:2      | Reached skill level 1 in Throwing
   844 | D:2      | Reached skill level 1 in Dodging
   844 | D:2      | Reached skill level 1 in Stealth
   844 | D:2      | Reached skill level 1 in Unarmed Combat
   844 | D:2      | Reached skill level 1 in Spellcasting
   844 | D:2      | Reached skill level 1 in Evocations
  1100 | D:2      | Reached XP level 4. HP: 41/41 MP: 5/5
  1512 | D:2      | Found a blossoming altar of Fedhas.
  1610 | D:3      | Noticed Ijyb
  1617 | D:3      | Paralysed by Ijyb for 5 turns
  1624 | D:3      | Paralysed by Ijyb for 6 turns
  1636 | D:3      | Killed Ijyb
  1686 | D:3      | Reached skill level 1 in Conjurations
  1686 | D:3      | Reached skill level 1 in Hexes
  1686 | D:3      | Reached skill level 1 in Charms
  1686 | D:3      | Reached skill level 1 in Summonings
  1686 | D:3      | Reached skill level 1 in Necromancy
  1686 | D:3      | Reached skill level 1 in Translocations
  1686 | D:3      | Reached skill level 1 in Transmutations
  1686 | D:3      | Reached skill level 1 in Fire Magic
  1686 | D:3      | Reached skill level 1 in Ice Magic
  1686 | D:3      | Reached skill level 1 in Air Magic
  1686 | D:3      | Reached skill level 1 in Earth Magic
  1686 | D:3      | Reached skill level 1 in Poison Magic
  1697 | D:3      | Noticed Jessica
  1706 | D:3      | Killed Jessica
  1706 | D:3      | Reached XP level 5. HP: 47/47 MP: 6/6
  2183 | D:3      | Noticed Robin
  2216 | D:3      | Killed Robin
  2362 | D:3      | Reached XP level 6. HP: 53/53 MP: 8/8
  2569 | D:3      | Noticed Buachu's ghost (amateur GrEE)
  2579 | D:3      | Killed Buachu's ghost
  2579 | D:3      | Reached skill level 5 in Long Blades
  2980 | D:4      | Found a staircase to the Ecumenical Temple.
  2984 | Temple   | Entered the Ecumenical Temple
  3049 | Temple   | Became a worshipper of Cheibriados the Contemplative
  3240 | D:4      | Reached XP level 7. HP: 34/59 MP: 10/10
  3371 | D:5      | Entered Level 5 of the Dungeon
  3924 | D:5      | Noticed Dowan
  3924 | D:5      | Noticed Duvessa
  3943 | D:5      | Killed Duvessa
  3943 | D:5      | Reached * piety under Cheibriados
  3949 | D:5      | Killed Dowan
  3966 | D:5      | Reached XP level 8. HP: 50/67 MP: 12/12
  4790 | D:6      | Reached ** piety under Cheibriados
  4914 | D:6      | Noticed Blork the orc
  4923 | D:6      | Killed Blork the orc
  5329 | D:6      | Reached XP level 9. HP: 61/72 MP: 14/14
  5508 | D:6      | Reached *** piety under Cheibriados
  5822 | D:7      | Found a flagged portal.
  5822 | D:7      | Noticed Menkaure
  5826 | D:7      | Killed Menkaure
  5841 | Bailey   | Entered a bailey
  6525 | Bailey   | Noticed an orc knight
  6864 | Bailey   | Reached **** piety under Cheibriados
  6864 | Bailey   | Reached skill level 5 in Invocations
  7255 | Bailey   | Killed an orc knight
  7255 | Bailey   | Reached XP level 10. HP: 68/80 MP: 17/17
  7533 | D:7      | Reached skill level 5 in Short Blades
  7533 | D:7      | Reached skill level 5 in Axes
  7533 | D:7      | Reached skill level 5 in Maces & Flails
  7533 | D:7      | Reached skill level 5 in Polearms
  7533 | D:7      | Reached skill level 5 in Staves
  7533 | D:7      | Reached skill level 5 in Slings
  7533 | D:7      | Reached skill level 5 in Bows
  7533 | D:7      | Reached skill level 5 in Crossbows
  7533 | D:7      | Reached skill level 5 in Throwing
  7533 | D:7      | Reached skill level 5 in Dodging
  7533 | D:7      | Reached skill level 5 in Stealth
  7533 | D:7      | Reached skill level 5 in Unarmed Combat
  7533 | D:7      | Reached skill level 5 in Spellcasting
  7533 | D:7      | Reached skill level 5 in Evocations
  8078 | D:8      | Noticed a two-headed ogre
  8090 | D:8      | Killed a two-headed ogre
  8353 | D:8      | Noticed a two-headed ogre
  8365 | D:8      | Killed a two-headed ogre
  8668 | D:8      | Found a staircase to the Lair.
  9263 | D:9      | Reached ***** piety under Cheibriados
  9303 | D:9      | Reached XP level 11. HP: 69/87 MP: 19/19
  9854 | D:9      | Found a bloodstained altar of Trog.
 10153 | D:10     | Entered Level 10 of the Dungeon
 10168 | D:10     | Reached skill level 5 in Conjurations
 10168 | D:10     | Reached skill level 5 in Hexes
 10168 | D:10     | Reached skill level 5 in Charms
 10168 | D:10     | Reached skill level 5 in Summonings
 10168 | D:10     | Reached skill level 5 in Necromancy
 10168 | D:10     | Reached skill level 5 in Translocations
 10168 | D:10     | Reached skill level 5 in Transmutations
 10168 | D:10     | Reached skill level 5 in Fire Magic
 10168 | D:10     | Reached skill level 5 in Ice Magic
 10168 | D:10     | Reached skill level 5 in Air Magic
 10168 | D:10     | Reached skill level 5 in Earth Magic
 10168 | D:10     | Reached skill level 5 in Poison Magic
 10375 | D:10     | Noticed a two-headed ogre
 10382 | D:10     | Killed a two-headed ogre
 11054 | D:11     | Gained mutation: Your natural rate of healing is unusually fast. [potion of mutation]
 11054 | D:11     | Gained mutation: You are partially covered in iridescent scales. (AC +2) [potion of mutation]
 11142 | D:11     | Noticed a manticore
 11143 | D:11     | Noticed Sonja
 11163 | D:11     | Killed a manticore
 11189 | D:11     | Killed Sonja
 11306 | D:11     | Noticed a purple ugly thing
 11315 | D:11     | Killed a purple ugly thing
 11318 | D:11     | Reached ****** piety under Cheibriados
 11377 | D:11     | Killed an unseen horror
 11377 | D:11     | Reached XP level 12. HP: 96/96 MP: 22/22
 11401 | D:11     | Found a staircase to the Orcish Mines.
 11583 | D:11     | Noticed a two-headed hydra
 11589 | D:11     | Killed a two-headed hydra
 11851 | Orc:1    | Entered Level 1 of the Orcish Mines
 11853 | Orc:1    | Noticed Nergalle
 11869 | Orc:1    | Killed Nergalle
 11890 | Orc:1    | Found Wulutedo's Assorted Antiques.
 11900 | Orc:1    | Bought a runed scarf for 240 gold pieces
 11917 | Orc:1    | Found Juacso Pab's Distillery.
 11926 | Orc:1    | Noticed Urug
 11939 | Orc:1    | Killed Urug
 11949 | Orc:1    | Bought 2 potions of mutation for 272 gold pieces
 12060 | Orc:1    | Found Kiob's Magic Scroll Emporium.
 12071 | Orc:1    | Noticed an ettin
 12081 | Orc:1    | Killed an ettin
 12152 | Orc:1    | Bought a scroll of holy word for 105 gold pieces
 12152 | Orc:1    | Bought a scroll of enchant weapon for 105 gold pieces
 12152 | Orc:1    | Bought a scroll of identify for 28 gold pieces
 12152 | Orc:1    | Bought a scroll of identify for 28 gold pieces
 12152 | Orc:1    | Bought a scroll of teleportation for 42 gold pieces
 12454 | Orc:2    | Entered Level 2 of the Orcish Mines
 12561 | Orc:2    | Found Doih's Antique Armour Shop.
 12614 | Orc:2    | Bought a pair of encrusted boots for 380 gold pieces
 12624 | Orc:2    | Identified the +1 pair of boots of the Hall of Blades {rPois MR++} (You bought it in a shop on level 2 of the Orcish Mines)
 12846 | Orc:2    | Found a staircase to the Elven Halls.
 12931 | Orc:2    | Noticed Erolcha
 12937 | Orc:2    | Noticed an orc high priest
 12944 | Orc:2    | Killed Erolcha
 12949 | Orc:2    | Noticed a soul eater
 12957 | Orc:2    | Killed an orc high priest
 13692 | Orc:2    | Reached skill level 10 in Fighting
 13692 | Orc:2    | Reached skill level 10 in Armour
 13692 | Orc:2    | Reached skill level 10 in Shields
 13790 | Orc:2    | Noticed an orc high priest
 13794 | Orc:2    | Killed an orc high priest
 13794 | Orc:2    | Reached XP level 13. HP: 103/103 MP: 17/24
 13960 | Orc:2    | Found Lanutz's Distillery.
 13963 | Orc:2    | Found Qeint's Food Boutique.
 13964 | Orc:2    | Found Ifutaquo's Assorted Antiques.
 13965 | Orc:2    | Found Erhag's Distillery.
 13972 | Orc:2    | Bought a potion of heal wounds for 65 gold pieces
 14252 | Lair:1   | Entered Level 1 of the Lair of Beasts
 14983 | Lair:2   | Noticed Prince Ribbit
 15867 | Lair:3   | Identified the Volume of Supportive Transmutation
 16989 | Lair:4   | Found a staircase to the Shoals.
 17046 | Lair:4   | Found a hole to the Spider Nest.
 18232 | Lair:5   | Reached XP level 14. HP: 111/111 MP: 26/26
 18296 | Lair:5   | Found a staircase to the Slime Pits.
 18297 | Lair:5   | Found a viscous altar of Jiyva.
 18335 | Lair:5   | HP: 4/111 [tyrant leech (14)]
 18650 | Lair:5   | Noticed Rupert
 18675 | Lair:5   | Killed Rupert
 18675 | Lair:5   | Reached skill level 10 in Long Blades
 19101 | Lair:6   | Entered Level 6 of the Lair of Beasts
 19751 | Lair:6   | Reached skill level 10 in Invocations
 20146 | Lair:6   | Found a runed door.
 20846 | D:12     | Got a pitted crystal amulet
 20847 | D:12     | Identified the amulet "Haal" {Spirit rC+ MR++ Dex+4} (You found it on level 12 of the Dungeon)
 21017 | D:12     | Noticed Azrael
 21060 | D:12     | Killed Azrael
 21319 | D:12     | Reached XP level 15. HP: 118/119 MP: 28/28
 21328 | D:12     | Noticed Frances
 21354 | D:12     | Killed Frances
 21408 | D:12     | Found Xoukae's Gadget Shoppe.
 22002 | D:13     | Found a gate to the Vaults.
 22325 | D:13     | Reached skill level 10 in Short Blades
 22325 | D:13     | Reached skill level 10 in Axes
 22325 | D:13     | Reached skill level 10 in Maces & Flails
 22325 | D:13     | Reached skill level 10 in Polearms
 22325 | D:13     | Reached skill level 10 in Staves
 22325 | D:13     | Reached skill level 10 in Slings
 22325 | D:13     | Reached skill level 10 in Bows
 22325 | D:13     | Reached skill level 10 in Crossbows
 22325 | D:13     | Reached skill level 10 in Throwing
 22325 | D:13     | Reached skill level 10 in Dodging
 22325 | D:13     | Reached skill level 10 in Stealth
 22325 | D:13     | Reached skill level 10 in Unarmed Combat
 22325 | D:13     | Reached skill level 10 in Spellcasting
 22325 | D:13     | Reached skill level 10 in Evocations
 23243 | D:14     | Found a frozen archway.
 23274 | IceCv    | Entered an ice cave
 24262 | D:14     | Reached XP level 16. HP: 127/127 MP: 30/30
 24545 | D:15     | Entered Level 15 of the Dungeon
 24805 | D:15     | Found a staircase to the Depths.
 25507 | Depths:1 | Entered Level 1 of the Depths
 26229 | Depths:1 | Found a deep blue altar of Sif Muna.
 26278 | Depths:1 | HP: 4/127 [spark wasp (illusionary) (8)]
 26279 | Depths:1 | Killed from afar by a rakshasa (illusionary)

Vault maps used:
D:1:      lightli_arrival_statue_moat
D:2:      fedhas_altar_3, minmay_heptomino_h4
D:3:      serial_glass, glass_columns_a, glass_columns_a, glass_columns_a,
          glass_columns_a, glass_columns_b, glass_columns_b, glass_columns_a,
          glass_columns_a, glass_columns_c, glass_columns_b, glass_columns_b,
          glass_columns_b, glass_columns_b, glass_columns_b, uniq_ijyb,
          uniq_robin, uniq_jessica
D:4:      temple_hall_moat, first_ration, kennysheep_generic_room_7
D:5:      uniq_duvessa
D:6:      uniq_blork_the_orc
D:7:      enter_bailey_2, kennysheep_generic_room_9, uniq_menkaure
D:8:      david_lair_shrubbed
D:9:      trog_three_pillars_becter
D:11:     orc_0_dummy, hangedman_ranch, uniq_sonja
D:12:     serial_shops, shop, uniq_azrael, uniq_josephine, uniq_frances
D:13:     regret_index_combs_of_tragedy, lightli_vaults_fourway_checkpoint
D:14:     portal_ice_cave_entry_ice_beasts, bh_walls_and_bars
D:15:     grunt_enter_depths_magical_seal, nicolae_lava_and_water
Temple:   compressed_dpeg_circular_temple
Lair:1:   minmay_lair_oklob_bushes, columned_hall_lemuel
Lair:2:   disabler_island, uniq_prince_ribbit2
Lair:3:   st_stairs_5, grunt_megastairs_5, serial_bayou_shore_a
Lair:4:   minmay_shoals_entry_centaurs, spider_nest_entry_webs,
          grunt_megastairs_2
Lair:5:   slime_altar_1, worms_lemuel, uniq_rupert
Lair:6:   guppyfry_lair_end_dragon, wormcave
Orc:1:    serial_shops, nicolae_shop_competitors_out_of_business, shop,
          shop_statue, uniq_nergalle, uniq_urug
Orc:2:    st_orc_pillars, serial_shops, shop, uniq_erolcha
Depths:1: grunt_hell_entry_dis_mu, hangedman_decor_clover_reticule,
          grunt_ministairs_7, hangedman_summoners_spam, minmay_shop_grove
Bailey:   bailey_polearm_1, bailey
IceCv:    ice_cave_statue_garden_chambered

Skill      XL: |  1  2  3  4  5  6  7  8  9 10 11 12 13 14 15 16 |
---------------+-------------------------------------------------+-----
Invocations    | 1 2 3 4 5 6 7 8 9 10 11 | 11.8
Short Blades   | 1 2 3 4 5 6 7 8 9 10 | 10.9
Axes           | 1 2 3 4 5 6 7 8 9 10 | 10.9
Maces & Flails | 1 2 3 4 5 6 7 8 9 10 | 10.9
Polearms       | 1 2 3 4 5 6 7 8 9 10 | 10.9
Staves         | 1 2 3 4 5 6 7 8 9 10 | 10.9
Slings         | 1 2 3 4 5 6 7 8 9 10 | 10.9
Bows           | 1 2 3 4 5 6 7 8 9 10 | 10.9
Crossbows      | 1 2 3 4 5 6 7 8 9 10 | 10.9
Throwing       | 1 2 3 4 5 6 7 8 9 10 | 10.9
Dodging        | 1 2 3 4 5 6 7 8 9 10 | 10.9
Stealth        | 1 2 3 4 5 6 7 8 9 10 | 10.9
Unarmed Combat | 1 2 3 4 5 6 7 8 9 10 | 10.9
Spellcasting   | 1 2 3 4 5 6 7 8 9 10 | 10.9
Evocations     | 1 2 3 4 5 6 7 8 9 10 | 10.9
Conjurations   | 1 2 3 4 5 6 7 8 9 |  9.3
Hexes          | 1 2 3 4 5 6 7 8 9 |  9.3
Charms         | 1 2 3 4 5 6 7 8 9 |  9.3
Summonings     | 1 2 3 4 5 6 7 8 9 |  9.3
Necromancy     | 1 2 3 4 5 6 7 8 9 |  9.3
Translocations | 1 2 3 4 5 6 7 8 9 |  9.3
Transmutations | 1 2 3 4 5 6 7 8 9 |  9.3
Fire Magic     | 1 2 3 4 5 6 7 8 9 |  9.3
Ice Magic      | 1 2 3 4 5 6 7 8 9 |  9.3
Air Magic      | 1 2 3 4 5 6 7 8 9 |  9.3
Earth Magic    | 1 2 3 4 5 6 7 8 9 |  9.3
Poison Magic   | 1 2 3 4 5 6 7 8 9 |  9.3
Long Blades    | 5 6 7 8 9 10 11 | 11.7
Fighting       | 7 8 9 10 11 12 | 12.5
Armour         | 7 8 9 10 11 12 | 12.5
Shields        | 7 8 9 10 11 12 | 12.5

Action                   |  1- 3 |  4- 6 |  7- 9 | 10-12 | 13-15 | 16-18 || total
-------------------------+-------+-------+-------+-------+-------+-------++-------
Melee: Long sword        |   106 |   196 |   330 |   389 |       |       ||  1021
       Bite              |    13 |    22 |    54 |   195 |   416 |   116 ||   816
       Spear             |       |       |   105 |       |       |       ||   105
       Trident           |       |       |    20 |       |       |       ||    20
       Scimitar          |       |       |       |   336 |  1646 |   414 ||  2396
       Flail             |       |       |       |       |    35 |       ||    35
Invok: Slouch            |       |       |       |    10 |     6 |     3 ||    19
       Bend Time         |       |       |       |       |     2 |       ||     2
Evoke: Wand              |       |       |     3 |     7 |     8 |       ||    18
  Use: Potion            |       |     1 |     2 |     1 |     1 |       ||     5
       Scroll            |       |       |    14 |    12 |     9 |     4 ||    39
 Stab: Confused          |       |       |       |       |     3 |       ||     3
  Eat: Chunk             |       |     8 |     8 |     9 |    23 |     2 ||    50
       Ration            |       |       |     1 |     1 |       |     1 ||     3
Armor: Scale mail        |    68 |    97 |   122 |       |       |       ||   287
       Plate armour      |       |       |    10 |       |       |       ||    10
       Crystal plate arm |       |       |     3 |   347 |   215 |       ||   565
       Gold dragon scale |       |       |       |       |   407 |   170 ||   577
Dodge: Dodged            |    29 |    68 |   138 |   154 |   534 |   142 ||  1065
       Deflected         |       |       |       |     1 |    20 |     8 ||    29
Block: Shield            |    71 |   122 |   249 |       |       |       ||   442
       Large shield      |       |       |    13 |   966 |  2214 |   518 ||  3711
       Rpst.: Long sword |     6 |    16 |    31 |    24 |       |       ||    77
       Scimitar          |       |       |       |    21 |   121 |    28 ||   170

Table legend:
 A = Spawn XP
 B = Non-spawn XP
 C = Spawn XP percentage of total XP
 D = Spawn monster count
 E = Non-spawn monster count
 F = Spawn count percentage of total count
 G = Total turns spent on level
                    A         B        C        D         E        F      G
               +---------+---------+-------+---------+---------+-------+---------
         Total |       0 |  175286 |   0.0 |       0 |     838 |   0.0 | 26279
               +---------+---------+-------+---------+---------+-------+---------
           D:1 |       0 |      66 |   0.0 |       0 |      33 |   0.0 |   785
           D:2 |       0 |      27 |   0.0 |       0 |      17 |   0.0 |   819
           D:3 |       0 |     410 |   0.0 |       0 |      42 |   0.0 |  1235
           D:4 |       0 |     217 |   0.0 |       0 |      16 |   0.0 |   548
           D:5 |       0 |     948 |   0.0 |       0 |      26 |   0.0 |  1261
           D:6 |       0 |    1044 |   0.0 |       0 |      31 |   0.0 |   949
           D:7 |       0 |    1381 |   0.0 |       0 |      26 |   0.0 |   797
           D:8 |       0 |    3442 |   0.0 |       0 |      24 |   0.0 |  1353
           D:9 |       0 |    2321 |   0.0 |       0 |      20 |   0.0 |   971
          D:10 |       0 |    2633 |   0.0 |       0 |      17 |   0.0 |   913
          D:11 |       0 |    6703 |   0.0 |       0 |      48 |   0.0 |   954
          D:12 |       0 |   11136 |   0.0 |       0 |      54 |   0.0 |  1068
          D:13 |       0 |   20255 |   0.0 |       0 |      80 |   0.0 |  1369
          D:14 |       0 |   13701 |   0.0 |       0 |      37 |   0.0 |  1062
          D:15 |       0 |   25127 |   0.0 |       0 |      61 |   0.0 |  1152
        Lair:1 |       0 |    1669 |   0.0 |       0 |       8 |   0.0 |   665
        Lair:2 |       0 |    7770 |   0.0 |       0 |      28 |   0.0 |   910
        Lair:3 |       0 |    2431 |   0.0 |       0 |      16 |   0.0 |   988
        Lair:4 |       0 |    3654 |   0.0 |       0 |      20 |   0.0 |  1171
        Lair:5 |       0 |   10068 |   0.0 |       0 |      28 |   0.0 |  1215
        Lair:6 |       0 |   18441 |   0.0 |       0 |      55 |   0.0 |  1463
         Orc:1 |       0 |    4009 |   0.0 |       0 |      16 |   0.0 |   873
         Orc:2 |       0 |   11985 |   0.0 |       0 |      78 |   0.0 |  1336
      Depths:1 |       0 |   21064 |   0.0 |       0 |      30 |   0.0 |   582
        Bailey |       0 |    1498 |   0.0 |       0 |      16 |   0.0 |  1514
         IceCv |       0 |    3286 |   0.0 |       0 |      11 |   0.0 |   240
               +---------+---------+-------+---------+---------+-------+---------
